 Dungeon Crawl Stone Soup version 0.32-a0-918-g0f22ef8d61 (webtiles) character file.

Game seed: 1606469296886491676

17 ragingrage the Shooter (level 2, 0/22 HPs)
             Began as a Coglin Hunter on Apr 12, 2024.
             Killed from afar by Sigmund (12 damage)
             ... with a puff of flame
             ... on level 2 of the Dungeon.
             The game lasted 00:00:17 (899 turns).

ragingrage the Shooter (Coglin Hunter)               Turns: 899, Time: 00:00:18

Health: 0/22       AC:  3    Str: 11    XL:     2   Next: 62%
Magic:  2/2        EV: 11    Int:  8    God:
Gold:   82         SH:  0    Dex: 17    Spells: 1/1 levels left

rFire   . . .        a - +2 sling {Sextus}
rCold   . . .        d - +0 sling {Tlaloc}
rNeg    . . .        c - +0 leather armour
rPois   .            (no helmet)
rElec   .            (no cloak)
rCorr   .            (no gloves)
SInv    .            (no boots)
Will    .....        (amulet unavailable)
Stlth   ++           (ring unavailable)
HPRegen 0.23/turn    (ring unavailable)
MPRegen 0.08/turn    (no gizmo)

%: no passive effects
@: revved
A: off-hand wielding, slow wielding, warmup strikes, no jewellery
a: Invent Gizmo


You were on level 2 of the Dungeon.
You visited 1 branch of the dungeon, and saw 2 of its levels.

You collected 82 gold pieces.

Inventory:

Hand Weapons
 a - a +2 sling (weapon) {Sextus}
 d - a +0 sling (offhand) {Tlaloc}
Missiles
 j - 6 poisoned darts
Armour
 c - a +0 leather armour (worn)
Scrolls
 b - a scroll of butterflies
 e - a scroll of teleportation {unknown}
 i - a scroll of identify {unknown}
Potions
 f - a potion of cancellation {unknown}
 g - 2 potions of attraction {unknown}
 h - a potion of haste {unknown}


   Skills:
 - Level 2.0 Fighting
 + Level 4.3 Ranged Weapons
 - Level 1.7 Dodging
 - Level 0.7 Stealth


You had one spell level left.
You didn't know any spells.
Your spell library contained the following spells:

 Spells                   Type           Power      Damage    Failure   Level
 Call Imp                 Summ           0%         N/A       65%         2
 Sublimation of Blood     Necr           0%         N/A       65%         2
 Summon Hydra             Summ           0%         N/A       100%        7


Dungeon Overview and Level Annotations

Branches:
Dungeon (2/15)

Altars:

Annotations:
D:2 Sigmund


Innate Abilities, Weirdness & Mutations

You can wield a second weapon in your off-hand.
It takes a long time for you to wield or remove held weapons.
Your first few attacks do less damage.
You cannot equip rings or amulets.


Message History

You shoot a sling bullet. The sling bullet hits the rat.
You kill the rat!
You shoot a sling bullet.
Found a stone staircase leading down.
No target in view!
No target in view!
A hobgoblin comes into view.
You shoot a sling bullet. The hobgoblin shouts!
The sling bullet hits the hobgoblin.
You shoot a sling bullet. The sling bullet hits the hobgoblin.
You kill the hobgoblin!
No target in view!
You see here a rat corpse.
You add the spells Call Imp, Sublimation of Blood and Summon Hydra to your library.
No target in view!
No target in view!
You now have 82 gold pieces (gained 6).
You see here a +0 leather armour.
Sigmund the Dreaded comes into view.
He is wielding a +0 scythe and carrying a wand of flame.
Sigmund shouts!
You hear a shout! x2
Sigmund zaps a wand.
The puff of flame hits you.
You hear a shout!
You shoot a sling bullet. The sling bullet hits Sigmund.
You shoot a sling bullet. The sling bullet barely misses Sigmund.
Sigmund casts a spell at you. You resist with significant effort.
You shoot a sling bullet.
The sling bullet hits Sigmund but does no damage.
You shoot a sling bullet. The sling bullet hits Sigmund.
You shoot a sling bullet. The sling bullet barely misses Sigmund.
You shoot a sling bullet. The sling bullet hits Sigmund.
Sigmund gestures at you while chanting. The magic dart hits you.
Sigmund zaps a wand.
The puff of flame hits you!
Ouch! That really hurt!
You die...
Sigmund begins carving another notch in his scythe.

#.............#
#.............#
###...†.........#
..†.............#
###.............#
#...#####.....###
#+#.....[.......+
..#########...##
.. ###@# #.#
#@..# ##..# ..ß#
..## ..# ..# ..ß


You could see Sigmund.

Vanquished Creatures
  2 endoplasms (D:1)
  A giant cockroach (D:1)
  3 goblins (D:1)
  2 hobgoblins
  2 ball pythons (D:1)
  A bat (D:1)
  2 frilled lizards (D:1)
  2 kobolds (D:1)
  3 rats
18 creatures vanquished.

Notes
Turn   | Place    | Note
-------+----------+-------------------------------------------
     0 | D:1      | ragingrage the Coglin Hunter began the quest for the Orb.
     0 | D:1      | Reached XP level 1. HP: 16/16 MP: 1/1
   294 | D:1      | Reached skill level 4 in Ranged Weapons
   294 | D:1      | Reached XP level 2. HP: 22/22 MP: 2/2
   895 | D:2      | Noticed Sigmund
   899 | D:2      | Killed from afar by Sigmund

Illustrated notes

Levels and vault maps discovered:
D:1:      roderic_crossed_star, layout_basic, serial_aquarium,
          aquarium_bridge_straight [aquarium_subvault_bridge,
          aquarium_subvault_wall, aquarium_subvault_bridge,
          aquarium_subvault_window], aquarium_window_2, aquarium_window_fake,
          aquarium_window_corridor_2, aquarium_view_2g, aquarium_balcony_1a
D:2:      layout_basic, shapermc_ecumenical_altar_notcrosses,
          serial_corexii_hall, corexii_hall_statues_l,
          chequers_hall_statues_wall_a, corexii_hall_statues_u,
          corexii_hall_statues_l, uniq_sigmund, uniq_natasha

Skill      XL: |  1 |
---------------+----+-----
Ranged Weapons | 4 |  4.3
Fighting       | |  2.0
Dodging        | |  1.7
Stealth        | |  0.7

Action                     || total
---------------------------++-------
   Fire: Sling             ||    62
 Armour: Leather armour    ||     3
  Dodge: Dodged            ||     1

Table legend: (Time is in decaauts)
 A = Elapsed time spent in this place.
 B = Non-inter-level travel time spent in this place.
 C = Inter-level travel time spent in this place.
 D = Time resting spent in this place.
 E = Time spent auto-exploring this place.
 F = Levels seen in this place.
 G = Mean time per level.
                   A        B        C        D        E       F      G
               +--------+--------+--------+--------+--------+-----+--------+
         Total |    905 |    840 |     65 |      0 |    772 |   2 |  452.5 |
       Dungeon |    905 |    840 |     65 |      0 |    772 |   2 |  452.5 |
               +--------+--------+--------+--------+--------+-----+--------+

Top non-repeatable levels by time:
     D:1: 851 daAuts
     D:2: 54 daAuts
